[Event "MCCT Oslo Esports Cup 2022"]
[Site "Oslo"]
[Date "2022.04.20"]
[Round "1.1"]
[White "Giri, Anish"]
[Black "Hansen, Eric"]
[Result "1/2-1/2"]
[ECO "C88"]
[WhiteElo "2773"]
[BlackElo "2606"]
[Annotator "TA"]
[PlyCount "126"]
[EventDate "2022.04.14"]
[EventType "tourn"]
[EventCountry "NOR"]
[SourceTitle "playchess.com"]
[Source "ChessBase"]
[SourceQuality "1"]
[TimeControl "1500+10"]

1. e4 e5 2. Nf3 Nc6 3. Bb5 a6 4. Ba4 Nf6 5. O-O Be7 6. Re1 b5 7. Bb3 O-O 8. a4 Bb7 9. d3 d6 10. c3 Qd7 {[%emt 0:00:11] C88: Closed Ruy Lopez: Anti-Marshall Systems.} 11. Bg5 Na5 12. Ba2 c5 13. Nbd2 {[%emt 0:00:47][%cal Bb1d2,Bd2f1,Bf1e3][%mdl 32] [#]} h6 $146 ({Predecessor:} 13... bxa4 14. Bb1 Bc6 15. d4 cxd4 16. cxd4 h6 17. Bh4 Nh5 18. Bxe7 Qxe7 19. Bc2 Nb3 20. Nxb3 axb3 21. Bxb3 {½-½ (38) Caruana,F (2792)-Dubov,D (2720) Wijk aan Zee 2022}) 14. Bxf6 Bxf6 15. axb5 axb5 16. Nf1 c4 (16... Nc6 $11 {should be considered.}) 17. Ne3 $14 Rfc8 18. Qe2 Qc7 19. Rad1 cxd3 (19... g6 {keeps more tension.} 20. Ra1 h5 21. dxc4 bxc4 22. Bb1 Bg7) 20. Qxd3 Nc4 21. Bxc4 bxc4 22. Qxd6 {[%emt 0:03:18] White wants to play Ng4.} Bxe4 (22... Qxd6 {is more complex.} 23. Rxd6 Bxe4 24. Ng4 Bxf3 25. Nxf6+ gxf6 26. gxf3 Rcb8) 23. Ng4 Bxf3 24. gxf3 Qc6 25. Qxc6 (25. Kg2 {is interesting.} Rab8 26. Nxf6+ gxf6 27. Qxc6 Rxc6 28. Rd2) 25... Rxc6 26. Nxe5 Bxe5 27. Rxe5 $11 {[%emt 0:00:01][%mdl 4096] Endgame KRR-KRR} Rb6 28. Re2 Rab8 29. Rdd2 g6 30. Kg2 Kg7 31. f4 Rb5 32. Kg3 R8b7 33. Kg4 Kf6 34. h4 Kg7 35. Kf3 Kf6 36. Kg3 Kg7 37. Re4 Rxb2 38. Rxb2 Rxb2 39. Rxc4 {[%emt 0:00:01] KR-KR} Rb1 40. Kg2 Rc1 41. Rc5 h5 (41... Kf6 $11 {deserves consideration.}) 42. Rc6 (42. f5 $1 $14) 42... Kf8 (42... Rb1 $11) 43. c4 (43. f5 $1 $14 {feels stronger.}) 43... Rc3 44. f3 Rc1 (44... Ke7 $11) 45. c5 (45. f5 $1 $14) 45... Kg7 {[%emt 0:00:41] The position is equal.} 46. Kf2 Rh1 47. Kg3 Rg1+ 48. Kh2 Rc1 49. Kg2 (49. Kg3 $5 ) 49... Rc2+ 50. Kg3 f5 51. Rc8 Kh7 52. Rc7+ Kg8 53. Kh3 Kh8 54. Rc8+ Kh7 55. Rc6 Kg7 56. Kg3 Kh7 57. Rc7+ Kg8 58. c6 Kh8 59. Rc8+ Kh7 60. Kh3 Kg7 61. Kg3 Kh7 62. Rc7+ Kg8 63. Rc8+ Kh7 {[%emt 0:00:02] Weighted Error Value: White=0.06 (flawless) /Black=0.05 (flawless)} 1/2-1/2

[Event "MCCT Oslo Esports Cup 2022"]
[Site "Oslo"]
[Date "2022.04.20"]
[Round "1.1"]
[White "Mamedyarov, Shakhriyar"]
[Black "Le, Quang Liem"]
[Result "1/2-1/2"]
[ECO "D24"]
[WhiteElo "2771"]
[BlackElo "2709"]
[Annotator "TA"]
[PlyCount "92"]
[EventDate "2022.04.14"]
[EventType "tourn"]
[EventCountry "NOR"]
[SourceTitle "playchess.com"]
[Source "ChessBase"]
[SourceQuality "1"]
[TimeControl "1500+10"]

1. d4 Nf6 2. c4 e6 3. Nf3 d5 4. Nc3 dxc4 5. e4 Bb4 6. Bxc4 {[%emt 0:00:07] D24: Queen's Gambit Accepted: 3 Nf3 Nf6 4 Nc3.} Nxe4 7. O-O Nxc3 8. bxc3 ({Of course not} 8. Qb3 Nd5 9. Bxd5 Qxd5 $17) 8... Be7 9. Ne5 O-O 10. Re1 Nc6 11. Qg4 f5 12. Qf3 Nxe5 13. Rxe5 Bd6 14. Rxf5 ({Much worse is} 14. Bxe6+ Bxe6 15. Rxe6 Qd7 $11) 14... Rxf5 15. Qxf5 Qf6 16. Qe4 Rb8 17. Bd2 b5 18. Bb3 {[%emt 0:01:56] [#] &Bianco is more active.} (18. Bd3 $5 g6 19. a4 $14) 18... Bd7 $146 ({Predecessor:} 18... a5 19. Re1 a4 20. Bc2 Qf5 21. Rb1 Qxe4 22. Bxe4 Bd7 23. c4 c6 24. c5 Bc7 {½-½ (54) Troff,K (2511)-Hevia Alejano,C (2496) Chess.com INT 2017}) 19. Re1 Re8 20. h4 a5 21. Bg5 Qg6 22. Qxg6 hxg6 23. Re3 Kh7 24. c4 bxc4 (24... a4 $5 25. Bc2 bxc4 $11) 25. Bxc4 Rb8 26. Rb3 {[%emt 0:00:25] Inhibits Rb1+.} Rb6 27. Bd3 a4 $1 28. Rxb6 cxb6 $11 {[%emt 0:00:00][%mdl 4096] Endgame KBB-KBB} 29. h5 Be8 (29... b5 $11) 30. Bd8 (30. f3 $14) 30... b5 31. Bg5 b4 32. Bc1 e5 33. dxe5 Bxe5 34. Bc2 a3 35. Kf1 Bf7 36. hxg6+ $1 {[%emt 0:00:02] The position is equal.} Bxg6 37. Bb3 Bd3+ 38. Ke1 Kg6 39. Kd1 {[%emt 0:00:04] Strongly threatening Bc2.} Kf6 40. f4 Bc3 41. g4 g6 42. Bd2 Be4 {[%emt 0:00:14] [#] White must now prevent ...Bf3+.} 43. Ke2 {[%emt 0:00:36] Against Bf3+} Bf3+ 44. Kxf3 Bxd2 45. Ke4 g5 46. fxg5+ Kxg5 {[%emt 0:00:00] Weighted Error Value: White=0.08 (flawless) /Black=0.08 (flawless)} 1/2-1/2

[Event "MCCT Oslo Esports Cup 2022"]
[Site "Oslo"]
[Date "2022.04.20"]
[Round "1.1"]
[White "Duda, Jan-Krzysztof"]
[Black "Carlsen, Magnus"]
[Result "0-1"]
[ECO "B42"]
[WhiteElo "2750"]
[BlackElo "2864"]
[Annotator "TA"]
[PlyCount "86"]
[EventDate "2022.04.14"]
[EventType "tourn"]
[EventCountry "NOR"]
[SourceTitle "playchess.com"]
[Source "ChessBase"]
[SourceQuality "1"]
[TimeControl "1500+10"]

1. e4 c5 2. Nf3 e6 3. d4 cxd4 4. Nxd4 a6 5. Bd3 Bc5 6. Nb3 Ba7 7. Qe2 Nc6 8. Be3 d6 9. Nc3 Nf6 10. f4 {[%emt 0:02:20] was the old line (10.0-0-0).} b5 {[%emt 0:03:11] B42: Sicilian: Kan Variation: 5 Bd3.} 11. a3 e5 {[%emt 0:01:09][%cal Be6e5,Be5d4,Bd4c3,Bc3b2][%mdl 32] [#]} 12. Bxa7 $146 ({Predecessor:} 12. O-O Bg4 13. Qe1 Be6 14. Kh1 Bxe3 15. Qxe3 O-O 16. a4 exf4 17. Rxf4 b4 18. Nd5 {1-0 (30) Bruzon Batista,L (2528)-Schenk,A (2241) Oropesa del Mar 1999}) 12... Rxa7 {[%emt 0:00:03] The position is equal.} 13. f5 {[%emt 0:00:01] Against Be6} Nd4 14. Nxd4 exd4 15. Qf2 {[%emt 0:00:00] [#]} dxc3 16. Qxa7 cxb2 17. Rb1 Qa5+ 18. Ke2 O-O ({Black should play} 18... Qc3 $15 19. Qb6 O-O 20. Qxd6 Bb7) 19. Qd4 $11 Re8 20. Rhe1 Bxf5 {[%emt 0:03:35] The board is on fire.} 21. Kf1 $1 Bg6 22. Rxb2 Qxa3 23. Rb4 (23. Qb4 $1 $14 {is more appropriate.} Qxb4 24. Rxb4) 23... Qa5 $1 24. Qxd6 h6 (24... Ng4 $11 {might be stronger.}) 25. Rd4 {[%emt 0:00:14][%cal Bb4d4,Bd4d5,Bd5d6][%mdl 32] aiming for e5.} Ng4 26. h3 Ne5 27. Qc5 Qd2 28. Rd5 f6 29. Qe3 $36 {[%emt 0:00:05][%mdl 2048] White is more active.} Qa5 30. Qd4 Bf7 31. Rd6 Nc4 (31... Rc8 $11) 32. Ra1 Qd2 {[%emt 0:00:20] [#] Hoping for ...Ne3+.} 33. Bxc4 Qf4+ 34. Kg1 Bxc4 35. Rd8 ({Of course not} 35. Rdxa6 $6 Rxe4 36. Qf2 Qxf2+ 37. Kxf2 Re2+ 38. Kg3 Bd5 $11) 35... Rxd8 36. Qxd8+ $16 {[%emt 0:00:00][%mdl 4096] Endgame KQR-KQB} Kh7 37. Re1 (37. Qd4 $16) 37... Qe5 38. Qd7 Be6 $1 {[%emt 0:00:24] Prevents Qf5+.} 39. Qd3 a5 40. c3 a4 {[%emt 0:00:06][%mdl 1024] Threatens to win with ...a3. Black has compensation.} 41. Rb1 $2 ({White has to play} 41. Qd4 $1 $15) 41... a3 $19 42. Ra1 (42. Rxb5 a2 43. Rxe5 a1=Q+ 44. Kh2 fxe5 45. Qg3) 42... b4 {[%emt 0:00:11][%cal Bb5b4,Bb4b3][%mdl 32] Strongly threatening ...b3.} 43. Kf2 b3 {[%emt 0:00:08] Weighted Error Value: White=0.49/Black=0.12 (very precise)} 0-1

[Event "MCCT Oslo Esports Cup 2022"]
[Site "Oslo"]
[Date "2022.04.20"]
[Round "1.1"]
[White "Van Foreest, Jorden"]
[Black "Praggnanandhaa R"]
[Result "0-1"]
[ECO "E32"]
[WhiteElo "2714"]
[BlackElo "2624"]
[Annotator "TA"]
[PlyCount "124"]
[EventDate "2022.04.14"]
[EventType "tourn"]
[EventCountry "NOR"]
[SourceTitle "playchess.com"]
[Source "ChessBase"]
[SourceQuality "1"]
[TimeControl "1500+10"]

1. d4 Nf6 2. c4 e6 3. Nc3 Bb4 4. Qc2 O-O 5. e4 d5 6. e5 Ne4 7. Bd3 c5 8. Nf3 {[%emt 0:00:09] Black should prevent 0-0. E32: Nimzo-Indian: Classical (4 Qc2): 4...0-0.} cxd4 9. Nxd4 Nd7 10. Bf4 {[%emt 0:00:11] The position is equal.} Qh4 11. g3 Qh5 12. O-O g5 13. cxd5 Bxc3 14. bxc3 exd5 {[%emt 0:00:01] [#]} 15. g4 $146 ({Predecessor:} 15. Be3 Nxe5 16. f3 Nc5 17. Bf5 Ne6 18. Rae1 Nxd4 19. Bxd4 Nc6 20. f4 Nxd4 21. cxd4 gxf4 22. Rxf4 Bxf5 23. Rxf5 {½-½ (30) So,W (2778)-Nakamura,H (2750) Berlin 2022}) 15... Qh3 16. Bg3 Nxg3 17. fxg3 Nxe5 18. Qd2 h6 (18... Nxg4 19. Rae1 $14) (18... Nxd3 19. Qxg5+ Kh8 20. Qf6+ Kg8 21. Rf5 $1 Qxg4 22. Rg5+ Qxg5 23. Qxg5+ Kh8 24. Rd1 $18) 19. Nf5 Nxd3 (19... Re8 $11) 20. Ne7+ $16 Kg7 {[%emt 0:00:04] ...Ne5 is the strong threat.} 21. Qxd3 Be6 {[%emt 0:01:50] [#]} (21... Bxg4 $14 22. Rab1 Be6) 22. Qd4+ $1 (22. Nxd5 $6 Bxd5 23. Qxd5 Qxg4 $11) (22. c4 $6 Qxg4 23. cxd5 Qb4 $11) 22... f6 $4 (22... Kh7 $16) 23. Nf5+ $2 (23. Qd3 $18 Bxg4 24. Qg6+ Kh8 25. Rab1) 23... Bxf5 $11 24. Rxf5 Rae8 {[%emt 0:00:44] Prevents Re1.} 25. Raf1 Re2 $40 {[%emt 0:00:03][%csl Ge2,LRa2,LRh2][%cal Rh3h2][%mdl 128] Black mounts an attack. Chess con chili.} 26. R5f2 Re5 27. Qa4 ({Much worse is} 27. Qxa7 Qxg4 28. Rb2 (28. Rxf6 $2 Rxf6 29. Qxb7+ Kg6 $19) 28... Rf7 $11) (27. c4 $14 h5 28. gxh5 (28. cxd5 Qxg4 29. Qxa7 Qb4 $15) 28... dxc4 29. Qd6 (29. Qxc4 Qxh5 30. Qd4 Qe8 $11) 29... Qxh5 30. Rxf6) 27... Rf7 $15 28. Qd1 {[%emt 0:00:02] [#]} ({White should play} 28. Rb2 $15) 28... Re4 $1 $19 29. Qxd5 Qxg4 30. Rf5 Qe2 31. R5f2 Qe3 32. Kg2 Re5 33. Qb3 b6 34. c4 Qe4+ 35. Kg1 Rc5 36. Qb2 Qc6 ({Weaker is} 36... Rxc4 37. Rxf6 Qe3+ 38. Kh1 Qe4+ 39. Kg1 Qe3+ 40. Kh1 Qe4+ 41. Kg1 $11) 37. Qe2 Rxc4 38. h4 (38. Qd1 {keeps fighting.}) 38... Rc3 39. Kh2 Qc7 40. Rg2 Qe5 41. Qh5 $2 (41. Qxe5 fxe5 42. Re1) 41... Re3 {[%emt 0:00:16] Strongly threatening ...Rd7.} 42. Rff2 Re4 {[%emt 0:00:10] White must now prevent ...Rxh4+.} 43. hxg5 (43. Re2 $142 Rc7 44. Rxe4 Qxe4 45. Qe2 Qxe2 46. Rxe2) 43... hxg5 {[%emt 0:00:02] And now ...Rh4+ would win. Black is clearly winning.} 44. Qd1 Rd4 (44... Kg6 $142 45. Re2 Rh7+ 46. Kg1 Rh3 47. Rxe4 Qxe4) 45. Qf1 Rf8 46. Re2 Re4 (46... Rh8+ $142 47. Kg1 Qc5) 47. Kg1 Re8 48. Rxe4 Qxe4 {[%emt 0:00:01][%mdl 4096] Endgame KQR-KQR} 49. Rd2 Qe3+ (49... Rh8 $142 50. Rd7+ Kg6) 50. Qf2 Kg6 51. Kg2 Qxf2+ 52. Kxf2 {[%emt 0:00:00] KR-KR} Re4 53. Kf3 f5 54. Rd6+ Kh5 55. Rd5 g4+ 56. Kf2 Kg5 {[%emt 0:00:01] Threatens to win with ...Ra4.} 57. a3 Ra4 58. Rd3 b5 59. Rb3 a6 60. Rd3 Rc4 61. Ke2 Rc2+ 62. Kd1 Rf2 {[%emt 0:00:21] Never resign too early!  Weighted Error Value: White=1.04/Black=0.37} 0-1

[Event "MCCT Oslo Esports Cup 2022"]
[Site "Oslo"]
[Date "2022.04.20"]
[Round "1.2"]
[White "Carlsen, Magnus"]
[Black "Duda, Jan-Krzysztof"]
[Result "1/2-1/2"]
[ECO "A00"]
[WhiteElo "2864"]
[BlackElo "2750"]
[Annotator "TA"]
[PlyCount "123"]
[EventDate "2022.04.14"]
[EventType "tourn"]
[EventCountry "NOR"]
[SourceTitle "playchess.com"]
[Source "ChessBase"]
[SourceQuality "1"]
[TimeControl "1500+10"]

1. f3 e5 2. Nc3 Nf6 3. e4 Bc5 4. Na4 {[%emt 0:02:33] [#]} Be7 $146 ({Predecessor:} 4... b6 5. Nxc5 bxc5 6. Nh3 h6 7. c4 Nc6 8. d3 Rb8 9. b3 O-O 10. Be3 d6 {0-1 (30) Schulz,J-Meyer,M freechess.de 2016}) 5. d4 exd4 $1 6. e5 {[%emt 0:00:38] A00: Irregular Openings.} Nd5 7. Qxd4 {[%emt 0:00:04] [#]} Nb4 (7... Nb6 $1 $17 {Threatens to win with ...Nc6.} 8. Qe4 Nxa4 9. Qxa4 O-O) 8. Qf2 $11 {[%emt 0:00:58] Black has an edge.} d6 9. a3 N4c6 10. exd6 $1 Qxd6 11. Ne2 O-O 12. Bf4 Qg6 (12... Ne5 $11) 13. O-O-O b5 $1 14. Nac3 b4 15. Nd5 bxa3 16. Nxe7+ Nxe7 17. bxa3 Nbc6 18. Qc5 Ba6 (18... Qf6 $1 $11 19. Bxc7 Be6) 19. Nc3 (19. Bxc7 $14 Qh6+ 20. Bf4) 19... Bxf1 20. Rhxf1 Qxg2 21. Bxc7 Rfc8 22. Bd6 {[%emt 0:00:29] [#] Strongly threatening Rf2.} Ng6 (22... Nd8 $2 23. Qe3 Ndc6 24. Bxe7 $18) 23. Rf2 Qh3 24. Nd5 Nd8 (24... Nce7 $5 25. Nxe7+ Nxe7 $11) 25. Qe3 {[%emt 0:00:23] White threatens Qe8+ and mate.} Ne6 26. f4 Qxe3+ 27. Nxe3 {[%emt 0:00:02] And now f5 would win.} Nc5 $1 28. f5 Ne4 29. fxg6 Nxf2 30. Rf1 hxg6 {[%emt 0:00:10] Hoping for ...Ne4.} 31. Rxf2 {[%emt 0:00:02] Black must now prevent Nd5.} Rc6 32. Bb4 {[%emt 0:00:21] next Nd5 is good for White.} Rd8 {[%emt 0:00:45] Against Nd5} 33. Rd2 Rxd2 34. Kxd2 g5 (34... f5 $11) 35. c4 (35. Nf5 $5 Kh7 36. Kd3 $14) 35... Rh6 36. Kd3 (36. c5 $5 ) 36... f6 37. c5 {[%emt 0:00:10] aiming for Nf5. &Bianco is more active.} Kf7 38. Nf5 (38. Kc4 $1 $14) 38... Rxh2 39. c6 Ke6 40. Nxg7+ Kd5 41. c7 Rh3+ 42. Kd2 Rh2+ 43. Kd3 Rh3+ 44. Kc2 Rh8 45. Be7 {[%emt 0:00:17] Bd8 is the strong threat.} Rc8 46. Bd8 g4 47. Kd3 Kc6 (47... g3 $2 48. Nh5 $18) 48. Ne8 f5 49. Ke3 g3 50. Kf3 f4 51. a4 Kd7 52. Nf6+ Kc6 53. Nh5 Rxc7 54. Bxc7 Kxc7 55. Nxf4 $2 {[%emt 0:00:00][%mdl 12288] Endgame KN-KPP} (55. Ng7 $11) 55... Kb6 {[%emt 0:00:02] Mate.} 56. Nd3 Ka5 57. Ne5 Kxa4 58. Nc6 a6 59. Nb8 g2 60. Kxg2 a5 61. Nc6 Kb5 62. Nxa5 {[%emt 0:00:01][%mdl 32768] Weighted Error Value: White=0.22 (precise) /Black=0.09 (flawless) . An unexpected result.} 1/2-1/2

[Event "MCCT Oslo Esports Cup 2022"]
[Site "Oslo"]
[Date "2022.04.20"]
[Round "1.2"]
[White "Le, Quang Liem"]
[Black "Mamedyarov, Shakhriyar"]
[Result "0-1"]
[ECO "E51"]
[WhiteElo "2709"]
[BlackElo "2771"]
[Annotator "TA"]
[PlyCount "168"]
[EventDate "2022.04.14"]
[EventType "tourn"]
[EventCountry "NOR"]
[SourceTitle "playchess.com"]
[Source "ChessBase"]
[SourceQuality "1"]
[TimeControl "1500+10"]

1. d4 Nf6 2. c4 e6 3. Nf3 d5 4. Nc3 Bb4 5. Qa4+ Nc6 6. e3 O-O 7. Qc2 dxc4 8. Bxc4 Bd6 9. O-O e5 10. h3 a6 11. a3 Bd7 12. Bd2 exd4 13. exd4 Qc8 14. Ne4 Bxh3 15. Nxd6 Qg4 16. Ne1 Nxd4 17. Qd1 cxd6 18. Bc3 Nc6 19. Be2 Qg5 20. Bxf6 gxf6 21. Rc1 Kh8 22. Rc3 Be6 23. Qxd6 Rfd8 24. Qh2 Qe5 25. Rg3 Rg8 (25... Qxe2 26. Qh6 Bg4 27. Qxf6+ Kg8 28. Nc2 $11) 26. Bd3 f5 27. Nf3 Qf6 28. Rh3 Rg7 29. Rh6 $1 Qxb2 (29... Nd4 $5 30. Be4 Nxf3+ 31. Bxf3 Qxb2 $17) 30. Re1 (30. Qh5 $11 {remains equal.}) 30... Kg8 (30... Qxa3 $2 31. Ng5 $1 Kg8 32. Rxh7 $1 Rxh7 33. Qxh7+ Kf8 34. Nxe6+ fxe6 35. Rxe6 $1 Qa1+ 36. Bf1 $18) (30... Rd8 $1 $17 31. Bf1 Kg8) 31. Qf4 (31. Qh5 $11 {keeps the balance.}) 31... Rg4 $17 (31... Qxa3 32. Bxf5 Bxf5 33. Qxf5 $17) 32. Qc7 Rc8 (32... Qxa3 33. Rexe6 Qxd3 34. Rxh7 $1 $11) 33. Qh2 Qg7 (33... Qxa3 34. Rxh7 Qc3 35. Re5 Qc1+ 36. Re1 $11) 34. Rh5 Ne7 $1 35. Ne5 Rg5 (35... Rd4 $19 {...f6 is the strong threat.} 36. Rh4 Rxh4 37. Qxh4 Ng6) 36. Rxg5 Qxg5 37. Nf3 Qg7 (37... Qf6 $17 38. Qd6 Ng6) 38. Qd6 $15 Qf8 39. Ng5 (39. Qb6 $15) 39... Rc6 (39... Ng6 $1 $17 40. Qh2 Qg7) 40. Qg3 Ng6 $1 ({Much weaker is} 40... Qg7 41. Qb8+ Nc8 42. Nxe6 $11) 41. Qh3 h6 42. Nf3 $2 (42. Nxe6 $17 fxe6 43. Bb1) 42... f4 $2 (42... Qxa3 $19 43. Bxf5 Bxf5 44. Re8+ Kg7 45. Qxf5 Rc1+ 46. Kh2 Qd6+ 47. g3 b5) 43. Qh2 (43. Qh5 $17 Rc5 44. Ne5 Nxe5 45. Rxe5 Rxe5 46. Qxe5) 43... Rd6 $19 44. Be4 Bd5 45. Qh5 Bxe4 46. Rxe4 Qg7 $2 ({Black should play} 46... b5 $19 {White must now prevent ...Rc6.} 47. Re1 Kg7) 47. g3 $2 (47. Re8+ $11 {and White stays safe.} Nf8 48. Kh2) 47... fxg3 $19 48. fxg3 Qa1+ ({But not} 48... Qb2 $2 49. Qc5 Rd3 50. Re3 $19) 49. Kg2 Qa2+ 50. Kh3 Qd5 (50... Qxa3 $142 51. Qxh6 Ne5 $1 52. Qg5+ Rg6 53. Qxe5 Qxf3 54. Qe8+ Kg7 55. Qe5+ Qf6) 51. Qxd5 $19 Rxd5 52. a4 Kf8 53. Rb4 Rd7 54. Nd4 (54. g4 $142) 54... Ne7 55. Nb3 Nd5 56. Rd4 {[%emt 0:00:06] [#]} Nf6 (56... b6 $142 $1 {Strongly threatening ...a5.} 57. a5 bxa5) 57. Rb4 $17 Nd5 ({Better is} 57... h5 58. Nc5 Rd5 59. Nxb7 Kg7) 58. Rd4 $17 {[%emt 0:00:02] [#]} b6 $1 59. a5 bxa5 60. Nc5 Rd8 61. Ra4 (61. g4 $17) 61... Nc7 62. Nb3 Rd5 63. Nxa5 Rh5+ 64. Kg2 Rb5 65. Nc6 Rb6 66. Nd4 Ne8 67. Kf3 (67. Nf5 $17 {was worth a try.}) 67... Nd6 $19 68. Kf4 Ke7 69. Ke5 Kd7 70. Kd5 Nb7 71. Ra1 a5 72. Rf1 Nd8 73. Ra1 Ne6 74. Nxe6 $2 (74. Ne2) 74... fxe6+ $19 ({Weaker is} 74... Rxe6 75. Rxa5 Ke7 76. Kd4 $17) 75. Kc5 Ra6 76. Kb5 Ra8 77. Rd1+ $2 (77. Ra4 e5 78. Kc4) 77... Ke7 $19 78. Rh1 a4 79. Rxh6 a3 80. Rh1 a2 81. Ra1 Kf6 82. Kc4 Kf5 83. Kd4 Kg4 84. Ke5 Ra6 0-1

[Event "MCCT Oslo Esports Cup 2022"]
[Site "Oslo"]
[Date "2022.04.20"]
[Round "1.2"]
[White "Praggnanandhaa R"]
[Black "Van Foreest, Jorden"]
[Result "1/2-1/2"]
[ECO "D12"]
[WhiteElo "2624"]
[BlackElo "2714"]
[Annotator "TA"]
[PlyCount "84"]
[EventDate "2022.04.14"]
[EventType "tourn"]
[EventCountry "NOR"]
[SourceTitle "playchess.com"]
[Source "ChessBase"]
[SourceQuality "1"]
[TimeControl "1500+10"]

1. d4 d5 2. c4 c6 3. Nf3 Nf6 4. e3 Bf5 5. Nc3 e6 6. Nh4 Bg4 7. Qb3 {[%emt 0:00:04] Threatens to win with h3.} dxc4 $5 {[%emt 0:00:10][%mdl 4] Leaves trodden paths. D12: Slav Defence: 3 Nf3 Nf6 4 e3 Bf5.} 8. Qxb7 Nbd7 9. h3 (9. Bxc4 $6 Nd5 $11) 9... Bh5 {[%emt 0:00:04] [#] White is better.} 10. g4 $146 ({Much weaker is} 10. Bxc4 Nd5 $11) ({White should play} 10. Qxc6 $16 Bb4 11. Nf3 (11. Bxc4 Rc8 $17) (11. Qxc4 Nd5 $15)) ({Predecessor:} 10. Qxc6 Rc8 11. Qa4 Be7 12. Bxc4 {1-0 (12) Harris,J (1383)-Gamba,J (800) LSS email 2010}) 10... Nd5 $1 $14 {[%emt 0:00:08][%cal Od5b4] [#]} 11. a3 {[%emt 0:05:34] Prevents Nb4.} Rc8 12. gxh5 {[%emt 0:00:34] Strongly threatening Nf3.} Rc7 13. Qa6 {[%emt 0:00:07] Hoping for Nf3.} Qxh4 14. Bxc4 Be7 15. Bd2 (15. h6 $5) 15... O-O 16. Be2 N7f6 17. Bf3 Rb8 18. b4 Nxc3 19. Bxc3 Ne4 20. Bxe4 Qxe4 21. Rg1 Bf6 (21... Rb5 $1 $15) 22. Rg4 Qc2 (22... Qf3 $11) 23. Bd2 $1 Qf5 24. Qe2 e5 25. dxe5 Bxe5 26. Rc1 Rd8 27. Kf1 Qe6 28. Be1 Qb3 ({Better is} 28... f5 29. Rgc4 f4 30. exf4 Qxh3+ 31. Kg1 Bf6) 29. Kg2 Qxa3 30. Rc5 Qa1 31. Ra5 Qb2 32. Qxb2 Bxb2 33. b5 cxb5 34. Rxb5 Bc3 35. Bxc3 Rxc3 {[%emt 0:00:00][%mdl 4096] Endgame KRR-KRR} 36. Rb7 h6 37. Rf4 Rf8 38. Rf5 a6 39. Ra7 Rc6 40. Ra5 ({White should try} 40. Kg3 $14) 40... Rd8 41. R7xa6 Rxa6 42. Rxa6 Rd5 {[%emt 0:00:02] Against Ra5.  Weighted Error Value: White=0.14 (very precise) /Black=0.15 (very precise)} 1/2-1/2

[Event "MCCT Oslo Esports Cup 2022"]
[Site "Oslo"]
[Date "2022.04.20"]
[Round "1.2"]
[White "Hansen, Eric"]
[Black "Giri, Anish"]
[Result "1/2-1/2"]
[ECO "B90"]
[WhiteElo "2606"]
[BlackElo "2773"]
[Annotator "TA"]
[PlyCount "44"]
[EventDate "2022.04.14"]
[EventType "tourn"]
[EventCountry "NOR"]
[SourceTitle "playchess.com"]
[Source "ChessBase"]
[SourceQuality "1"]
[TimeControl "1500+10"]

1. e4 c5 2. Nf3 d6 3. d4 cxd4 4. Nxd4 Nf6 5. Nc3 a6 6. Be3 e5 7. Nb3 Be7 8. h3 {[%emt 0:00:03] B90: Sicilian Najdorf: Unusual White 6th moves, 6 Be3 Ng4 and 6 Be3 e5.} Be6 9. g4 d5 10. exd5 Nxd5 11. Bg2 Nxe3 12. Qxd8+ Bxd8 13. fxe3 Bh4+ 14. Ke2 Bc4+ {[%emt 0:00:24] This bishop pair is nice.} 15. Kd2 Nc6 {[%emt 0:00:22] [#] Prevents Na5.} 16. Rad1 $146 ({Predecessor:} 16. Bxc6+ bxc6 17. Na5 Be6 18. Nxc6 f6 19. Nb4 O-O-O+ 20. Ke2 Bc4+ 21. Nd3 e4 22. Nxe4 {1-0 (40) Vavulin,M (2390)-Gordievsky,D (2444) Moscow 2014}) 16... O-O-O+ 17. Kc1 Bf2 18. Rxd8+ $1 {[%emt 0:00:16] The position is equal.} Rxd8 19. Nd1 Bh4 20. Nc3 Bf2 21. Nd1 Bh4 22. Nc3 Bf2 {[%emt 0:00:17] Weighted Error Value: White=0.05 (flawless) /Black=0.04 (flawless)} 1/2-1/2

[Event "MCCT Oslo Esports Cup 2022"]
[Site "Oslo"]
[Date "2022.04.20"]
[Round "1.3"]
[White "Giri, Anish"]
[Black "Hansen, Eric"]
[Result "1-0"]
[ECO "C88"]
[WhiteElo "2773"]
[BlackElo "2606"]
[Annotator "TA"]
[PlyCount "105"]
[EventDate "2022.04.14"]
[EventType "tourn"]
[EventCountry "NOR"]
[SourceTitle "playchess.com"]
[Source "ChessBase"]
[SourceQuality "1"]
[TimeControl "1500+10"]

1. e4 e5 2. Nf3 Nc6 3. Bb5 a6 4. Ba4 Nf6 5. O-O Be7 6. Re1 b5 7. Bb3 O-O 8. a4 Bb7 9. d3 d6 10. Nbd2 Nb8 {[%emt 0:00:16][%cal Bc6b8,Bb8d7,Bd7c5][%mdl 32] 10...Nd7 is a critical line. C88: Closed Ruy Lopez: Anti-Marshall Systems.} 11. axb5 axb5 12. Rxa8 Bxa8 {[%emt 0:00:00] The position is equal.} 13. Nf1 Nbd7 14. Ng3 Re8 {[%emt 0:03:25] [#]} 15. Bd2 $146 ({Predecessor:} 15. Nf5 Nc5 16. Nxe7+ Qxe7 17. Ba2 Bb7 18. Ng5 Rf8 19. b4 Na4 20. Bd2 Bc8 21. c4 {½-½ (48) Stefansson,H (2561)-Plachetka,J (2441) Cappelle la Grande 2005}) 15... Bf8 16. h3 h6 17. Qe2 Nc5 18. Ba2 Qd7 19. b4 Ne6 20. Nf5 Kh7 21. Qd1 g6 22. Ng3 Bg7 23. Be3 Qe7 24. Bd2 Bb7 25. Bb3 Ra8 26. Qb1 Nd7 27. h4 Nf6 28. Qd1 Ng4 29. h5 Nf4 30. Bxf4 exf4 31. Ne2 Qf6 ({Don't play} 31... gxh5 32. Qd2 $14) (31... g5 $11) 32. Qd2 (32. Ned4 $14) 32... g5 $11 33. Ned4 Ne5 34. Nxe5 Qxe5 35. c3 Kg8 36. Rc1 Bc8 37. Bd5 Ra6 38. f3 (38. Bc6 $5 ) 38... Bd7 39. Ne2 c6 40. Bb3 Qe8 41. d4 Qa8 42. Qd1 Qa7 43. Kh1 Be8 44. g3 fxg3 45. Nxg3 Bd7 46. Kg2 Ra3 47. Nf5 $2 (47. Rb1 $11 {and White is okay.}) 47... Bxf5 $19 48. exf5 d5 ({Better is} 48... Qe7 $1 $19 {Hoping for ...d5.} 49. Rb1 Qe3) 49. Rb1 Bf8 50. f6 Qc7 $2 {[%emt 0:01:19][%mdl 8192] [#]} (50... Bd6 $17 {keeps the pressure on. Strongly threatening ...Qa8.} 51. Rb2 Qd7) 51. Qd3 $1 $18 {[%emt 0:00:12] Threatening mate with Bc2.} Qf4 $2 {[%emt 0:00:09] [#]} (51... Rxb3 $18 52. Rxb3 Qd8) 52. Bc2 $1 Ra2 53. Qh7# {[%emt 0:00:02] Weighted Error Value: White=0.14 (very precise) /Black=0.41} 1-0